 Dungeon Crawl Stone Soup version 0.28.0-49-g6dfe1f597d (webtiles) character file.

Game seed: 837335693252278171

77 nickcage the Stinger (level 4, -1/21 HPs)
             Began as a Spriggan Venom Mage on May 18, 2022.
             Slain by a bullfrog zombie (5 damage)
             ... on level 3 of the Dungeon.
             The game lasted 00:05:19 (3157 turns).

nickcage the Stinger (Spriggan Venom Mage)          Turns: 3157, Time: 00:05:19

Health: -1/21      AC:  3    Str:  4    XL:     4   Next: 14%
Magic:  0/9        EV: 17    Int: 18    God:
Gold:   58         SH:  0    Dex: 15    Spells: 8/9 levels left

rFire   . . .      SeeInvis +   b - +0 dagger
rCold   . . .      Faith    .   (no shield)
rNeg    . . .      Spirit   .   a - +1 robe
rPois   .          Reflect  .   (helmet restricted)
rElec   .          Harm     .   j - scarf {repulsion}
rCorr   .          Rampage  .   (gloves unavailable)
Will    .....                   (boots unavailable)
Stlth   ++........              (no amulet)
HPRegen 0.07/turn               (no ring)
MPRegen 0.11/turn               (no ring)

@: repel missiles, very quick
A: very small, no large weapons, unfitting armour, see invisible, speed 3
a: no special abilities


You were on level 3 of the Dungeon.
You visited 1 branch of the dungeon, and saw 3 of its levels.

You collected 112 gold pieces.
You spent 54 gold pieces at shops.

Inventory:

Hand Weapons
 b - a +0 dagger (weapon)
Armour
 a - a +1 robe (worn)
 j - a scarf of repulsion (worn)
Jewellery
 d - a ring of fire
Wands
 h - a wand of acid (9)
Scrolls
 e - a scroll of teleportation
 f - 3 scrolls of identify
 g - a scroll of amnesia {unknown}
 k - a scroll of fear {unknown}
 m - a scroll of enchant weapon {unknown}
 n - a scroll of immolation {unknown}
Potions
 i - a potion of attraction
 l - a potion of lignification


   Skills:
 + Level 0.2 Short Blades
 - Level 2.6 Dodging
 - Level 3.0 Stealth
 - Level 3.0 Spellcasting
 - Level 2.0 Transmutations
 + Level 4.7 Poison Magic


You had 8 spell levels left.
You knew the following spells:

 Your Spells              Type           Power      Damage    Failure   Level
a - Sting                 Tmut/Pois      56%        1d5       4%          1

Your spell library contained the following spells:

 Spells                   Type           Power      Damage    Failure   Level
 Poisonous Vapours        Pois/Air       22%        N/A       10%         2
 Spider Form              Tmut/Pois      14%        N/A       12%         3
 Olgreb's Toxic Radiance  Pois           19%        N/A       22%         4
 Ensorcelled Hibernation  Hex/Ice        4%         N/A       24%         2
 Mephitic Cloud           Conj/Pois/Air  8%         N/A       26%         3
 Anguish                  Hex/Necr       1%         N/A       85%         4


Dungeon Overview and Level Annotations

Branches:
Dungeon (3/15)

Altars:
Cheibriados

Shops:
D:3 *


Innate Abilities, Weirdness & Mutations

You are very small and have problems with some larger weapons.
You are too small for most types of armour.
You have supernaturally acute eyesight. (SInv)
You cover ground extremely quickly. (Speed+++)


Message History

You see here a worm corpse.
Found a stone staircase leading up.
f - 3 scrolls of identify (gained 1)
There is a stone staircase leading down here.
A bullfrog zombie comes into view.
The sting hits the bullfrog zombie.
The bullfrog zombie partially resists.
The bullfrog zombie is lightly damaged.
The sting hits the bullfrog zombie.
The bullfrog zombie partially resists.
The bullfrog zombie is lightly damaged.
The bullfrog zombie barely misses you.
The sting misses the bullfrog zombie.
The bullfrog zombie barely misses you.
The sting hits the bullfrog zombie.
The bullfrog zombie partially resists.
The bullfrog zombie is lightly damaged.
The bullfrog zombie closely misses you.
The sting hits the bullfrog zombie.
The bullfrog zombie partially resists.
The bullfrog zombie is moderately damaged.
The bullfrog zombie barely misses you. x2
The sting hits the bullfrog zombie.
The bullfrog zombie partially resists.
The bullfrog zombie is moderately damaged.
The bullfrog zombie barely misses you.
The sting misses the bullfrog zombie.
The bullfrog zombie hits you.
The sting hits the bullfrog zombie.
The bullfrog zombie partially resists.
The bullfrog zombie is moderately damaged.
The bullfrog zombie misses you.
The sting hits the bullfrog zombie.
The bullfrog zombie is moderately damaged.
The bullfrog zombie hits you. The bullfrog zombie closely misses you.
The sting hits the bullfrog zombie.
The bullfrog zombie partially resists.
The bullfrog zombie is heavily damaged.
The bullfrog zombie hits you.
You are too injured to fight recklessly!
You are too injured to fight recklessly!
You hit the bullfrog zombie.
The bullfrog zombie is heavily damaged.
The bullfrog zombie hits you.
* * * LOW HITPOINT WARNING * * *
You hit the bullfrog zombie.
The bullfrog zombie is severely damaged.
The bullfrog zombie hits you.
You die...

#.<........#####.....##.#.#.#####
....#####..........#..........#
###.# ########.#...##.#∩#.#.###
###.############.##.###.....#....
.................##.# ###.#######
.##.###############.# #.# #.# #.#
#.# #.# #####.# #.# #.# #.@...#
#.# ..# #Z##### #.# #.# #. . #.#
#. .##.# #. ..#.# #. #.#.# #.
#.#.# #. #.#.# #.#


You could see a bullfrog zombie.

Vanquished Creatures
  2 adders (D:2)
  4 worms
  6 ball pythons
  2 bats (D:3)
  5 endoplasms
  A giant cockroach (D:3)
  4 goblins
  6 hobgoblins
  6 jackals
  2 frilled lizards (D:1)
  4 kobolds
  5 rats
47 creatures vanquished.

Notes
Turn   | Place    | Note
-------+----------+-------------------------------------------
     0 | D:1      | nickcage the Spriggan Venom Mage began the quest for the
                  | Orb.
     0 | D:1      | Reached XP level 1. HP: 9/9 MP: 5/5
   170 | D:1      | Found a faded altar of an unknown god.
   254 | D:1      | Reached XP level 2. HP: 10/13 MP: 1/6
  1356 | D:2      | Reached XP level 3. HP: 16/16 MP: 8/8
  1393 | D:2      | Reached skill level 4 in Poison Magic
  2414 | D:3      | Reached XP level 4. HP: 19/21 MP: 6/9
  2469 | D:3      | Found Plog's Assorted Antiques.
  2478 | D:3      | Bought a scroll labelled XOCAVI FIE for 27 gold pieces
  2478 | D:3      | Bought a scroll labelled ONETYKIP YLULY for 27 gold pieces
  2483 | D:3      | Found a snail-covered altar of Cheibriados.
  3157 | D:3      | Slain by a bullfrog zombie

Illustrated notes

Levels and vault maps discovered:
D:1:      enne_arrival_octagon_isle, layout_basic,
          hellmonk_ecumenical_altar_arch_garden, wad_floor_pattern_2
D:2:      layout_basic
D:3:      layout_loops_ring, cheibrodos_worm_habitat, serial_shops, shop

Skill      XL: |  1  2  3 |
---------------+----------+-----
Spellcasting   | 3 |  3.0
Transmutations | 2 |  2.0
Poison Magic   | 4 |  4.7
Short Blades   | |  0.2
Dodging        | |  2.6
Stealth        | |  3.0

Action                   |  1- 3 |  4- 6 || total
-------------------------+-------+-------++-------
Melee: Dagger            |    34 |     7 ||    41
       Unarmed           |     1 |       ||     1
 Cast: Sting             |    60 |    25 ||    85
  Use: Scroll            |       |     4 ||     4
 Stab: Sleeping          |     6 |     1 ||     7
Armor: Robe              |     5 |     1 ||     6
Dodge: Dodged            |    30 |    11 ||    41
